IL
OKLAHOMA CITY DODGERS @ MEMPHIS REDBIRDS
05/18/2048
 
TOP OF THE 1ST
Oklahoma City Dodgers batting - Pitching for Memphis Redbirds : LHP John Fisher
Pitching: LHP John Fisher
Batting: RHB Theo Schepers 0-0: Ball
1-0: Ground out 3-1 (Groundball, 34, EV 101.9 MPH)
Batting: RHB Jeremy Giesler 0-0: Ball
1-0: Called Strike
1-1: Swinging Strike
1-2: Fly out, F6 (Popup, 6, EV 69.4 MPH)
Batting: RHB Curt Earnest 0-0: Ball
1-0: Ball
2-0: Ball
3-0: Called Strike
3-1: Base on Balls
Batting: RHB Mike Dodson 0-0: Called Strike
0-1: Ball
Curt Earnest steals 2nd, throwing error, E2
Curt Earnest to third
1-1: Foul Ball, location: 2F
1-2: Ground out U3 (Groundball, 3, EV 86.2 MPH)
Top of the 1st over - 0 runs, 0 hits, 1 error, 1 left on base; Oklahoma City 0 - Memphis 0
BOTTOM OF THE 1ST
Memphis Redbirds batting - Pitching for Oklahoma City Dodgers : RHP Santiago Montero
Pitching: RHP Santiago Montero
Batting: LHB Adam Eisen 0-0: Called Strike
0-1: SINGLE (Line Drive, 9S, EV 100.0 MPH)
Batting: SHB Dan Lash Balk!
Adam Eisen to second
0-0: Ball
1-0: Swinging Strike
1-1: Ground out 5-3 (Groundball, 56S, EV 84.4 MPH)
Batting: LHB Kyle Schaible 0-0: Ball
1-0: Foul Ball, location: 2F
1-1: Ball
2-1: Swinging Strike
2-2: Foul Ball, location: 2F
2-2: Strikes out looking
Batting: RHB Jeff Brower 0-0: Ball
1-0: Ball
2-0: Ball
3-0: Base on Balls
Batting: LHB Ronnie Ashley 0-0: Called Strike
0-1: Foul Ball, location: 2F
0-2: Strikes out swinging
Bottom of the 1st over - 0 runs, 1 hit, 0 errors, 2 left on base; Oklahoma City 0 - Memphis 0
TOP OF THE 2ND
Oklahoma City Dodgers batting - Pitching for Memphis Redbirds : LHP John Fisher
Batting: LHB Steve Pond 0-0: Called Strike
0-1: Ball
1-1: Foul Ball, location: 2F
1-2: Strikes out looking
Batting: LHB Chris Fandino 0-0: Ball
1-0: Called Strike
1-1: Ball
2-1: Foul Ball, location: 2F
2-2: Strikes out swinging
Batting: LHB Robin More 0-0: Ball
1-0: Ball
2-0: Ball
3-0: Base on Balls
Batting: RHB T.J. Jordan 0-0: Called Strike
0-1: Ball
1-1: Foul Ball, location: 2F
1-2: Ball
2-2: Strikes out swinging
Top of the 2nd over - 0 runs, 0 hits, 0 errors, 1 left on base; Oklahoma City 0 - Memphis 0
BOTTOM OF THE 2ND
Memphis Redbirds batting - Pitching for Oklahoma City Dodgers : RHP Santiago Montero
Batting: RHB Danny Gallo 0-0: Ball
1-0: Ball
2-0: Ball
3-0: Base on Balls
Batting: RHB Fabrice Bertin 0-0: Called Strike
0-1: Swinging Strike
0-2: Foul Ball, location: 2F
0-2: Ball
1-2: Strikes out swinging
Batting: LHB John Bailey 0-0: Ball
1-0: Ball
2-0: Ball
3-0: Called Strike
3-1: Called Strike
3-2: Ground out 5-3 (Groundball, 5L, EV 86.9 MPH)
Danny Gallo to second
Batting: RHB Fortunato Fteira 0-0: Ball
1-0: Called Strike
1-1: Ball
2-1: SINGLE (Groundball, 4M, EV 99.4 MPH) (infield hit)
Danny Gallo to third
Batting: LHB Adam Eisen 0-0: Foul Ball, location: 2F
0-1: Swinging Strike
0-2: Ball
1-2: Strikes out swinging
Bottom of the 2nd over - 0 runs, 1 hit, 0 errors, 2 left on base; Oklahoma City 0 - Memphis 0
TOP OF THE 3RD
Oklahoma City Dodgers batting - Pitching for Memphis Redbirds : LHP John Fisher
Batting: LHB Darrell Ortega 0-0: Called Strike
0-1: Ball
1-1: Ground out U3 (Groundball, 23, EV 77.5 MPH)
Batting: RHB Theo Schepers 0-0: Ground out 6-3 (Groundball, 6, EV 90.0 MPH)
Batting: RHB Jeremy Giesler 0-0: Foul Ball, location: 2F
0-1: Foul Ball, location: 2F
0-2: Strikes out swinging
Top of the 3rd over - 0 runs, 0 hits, 0 errors, 0 left on base; Oklahoma City 0 - Memphis 0
BOTTOM OF THE 3RD
Memphis Redbirds batting - Pitching for Oklahoma City Dodgers : RHP Santiago Montero
Batting: SHB Dan Lash 0-0: Ball
1-0: Foul Ball, location: 2F
1-1: Swinging Strike
1-2: Strikes out looking
Batting: LHB Kyle Schaible 0-0: Called Strike
0-1: Ball
1-1: Ball
2-1: Called Strike
2-2: Ground out 5-3 (Groundball, 56, EV 104.4 MPH)
Batting: RHB Jeff Brower 0-0: Ball
1-0: Ball
2-0: Ball
3-0: Base on Balls
Batting: LHB Ronnie Ashley 0-0: Ball
Wild Pitch!
Jeff Brower to second
1-0: Called Strike
1-1: Swinging Strike
1-2: Foul Ball, location: 2F
1-2: Ball
2-2: Foul Ball, location: 2F
2-2: Ball
3-2: Fly out, F7 (Flyball, 7S, EV 84.4 MPH)
Bottom of the 3rd over - 0 runs, 0 hits, 0 errors, 1 left on base; Oklahoma City 0 - Memphis 0
TOP OF THE 4TH
Oklahoma City Dodgers batting - Pitching for Memphis Redbirds : LHP John Fisher
Batting: RHB Curt Earnest 0-0: Called Strike
0-1: Ball
1-1: Ball
2-1: Swinging Strike
2-2: Ball
3-2: Base on Balls
Batting: RHB Mike Dodson 0-0: Called Strike
0-1: Grounds into double play, 6-4-3 (Groundball, 6M, EV 103.1 MPH)
Batting: LHB Steve Pond 0-0: Called Strike
0-1: Called Strike
0-2: Strikes out swinging
Top of the 4th over - 0 runs, 0 hits, 0 errors, 0 left on base; Oklahoma City 0 - Memphis 0
BOTTOM OF THE 4TH
Memphis Redbirds batting - Pitching for Oklahoma City Dodgers : RHP Santiago Montero
Batting: RHB Danny Gallo 0-0: Ground out 5-3 (Groundball, 56, EV 86.9 MPH)
Batting: RHB Fabrice Bertin 0-0: Called Strike
0-1: Ball
1-1: Ground out 4-3 (Groundball, 4S, EV 86.2 MPH)
Batting: LHB John Bailey 0-0: Called Strike
0-1: Ball
1-1: Ball
2-1: Called Strike
2-2: Strikes out swinging
Bottom of the 4th over - 0 runs, 0 hits, 0 errors, 0 left on base; Oklahoma City 0 - Memphis 0
TOP OF THE 5TH
Oklahoma City Dodgers batting - Pitching for Memphis Redbirds : LHP John Fisher
Batting: LHB Chris Fandino 0-0: Ball
1-0: Called Strike
1-1: Foul Ball, location: 2F
1-2: DOUBLE (Flyball, 8RXD, EV 98.8 MPH)
Batting: LHB Robin More 0-0: Ball
1-0: Called Strike
1-1: Foul Ball, location: 2F
1-2: Ball
2-2: Ball
3-2: Ground out 6-3 (Groundball, 6M, EV 98.1 MPH)
Chris Fandino to third
Batting: RHB T.J. Jordan 0-0: Intentional Walk
Batting: LHB Darrell Ortega 0-0: Ball
1-0: SINGLE (Groundball, 34D, EV 102.5 MPH)
Chris Fandino scores
T.J. Jordan to second
Batting: RHB Theo Schepers 0-0: Grounds into double play, 6-4-3 (Groundball, 6, EV 81.9 MPH)
Top of the 5th over - 1 run, 2 hits, 0 errors, 1 left on base; Oklahoma City 1 - Memphis 0
BOTTOM OF THE 5TH
Memphis Redbirds batting - Pitching for Oklahoma City Dodgers : RHP Santiago Montero
Batting: RHB Fortunato Fteira 0-0: Called Strike
0-1: Swinging Strike
0-2: Ball
1-2: Ball
2-2: Foul Ball, location: 2F
2-2: Strikes out swinging
Batting: LHB Adam Eisen 0-0: Called Strike
0-1: Ball
1-1: Called Strike
1-2: Ball
2-2: Foul Ball, location: 2F
2-2: Foul Ball, location: 2F
2-2: Ball
3-2: Foul Ball, location: 2F
3-2: Strikes out looking
Batting: SHB Dan Lash 0-0: Ball
1-0: Ball
2-0: Ball
3-0: Base on Balls
Batting: LHB Kyle Schaible 0-0: Called Strike
0-1: Swinging Strike
0-2: Ball
1-2: Ground out 4-3 (Groundball, 4, EV 89.4 MPH)
Bottom of the 5th over - 0 runs, 0 hits, 0 errors, 1 left on base; Oklahoma City 1 - Memphis 0
TOP OF THE 6TH
Oklahoma City Dodgers batting - Pitching for Memphis Redbirds : LHP John Fisher
Batting: RHB Jeremy Giesler 0-0: Ball
1-0: Called Strike
1-1: Called Strike
1-2: SINGLE (Groundball, 25, EV 69.4 MPH) (infield hit)
Batting: RHB Curt Earnest 0-0: Called Strike
0-1: Foul Ball, location: 2F
0-2: Strikes out looking
Batting: RHB Mike Dodson 0-0: Called Strike
0-1: Ball
1-1: Foul Ball, location: 2F
1-2: Strikes out looking
Batting: LHB Steve Pond 0-0: Called Strike
0-1: Fly out, F8 (Flyball, 8RM, EV 88.1 MPH)
Top of the 6th over - 0 runs, 1 hit, 0 errors, 1 left on base; Oklahoma City 1 - Memphis 0
BOTTOM OF THE 6TH
Memphis Redbirds batting - Pitching for Oklahoma City Dodgers : RHP Santiago Montero
Pitching: LHP Dave Burridge
Batting: RHB Jeff Brower 0-0: Ball
1-0: Ball
2-0: Ball
3-0: Called Strike
3-1: Base on Balls
Batting: LHB Ronnie Ashley 0-0: Swinging Strike
0-1: Ball
1-1: Ball
2-1: Foul Ball, location: 2F
2-2: Strikes out looking
Batting: RHB Danny Gallo 0-0: SINGLE (Line Drive, 8LS, EV 95.0 MPH)
Jeff Brower to second
Batting: RHB Fabrice Bertin 0-0: Swinging Strike
0-1: Foul Ball, location: 2F
0-2: Ball
1-2: Ball
2-2: Foul Ball, location: 2F
2-2: Strikes out looking
Pinch Hitting: RHB Roberto Duron 0-0: Ball
1-0: Called Strike
1-1: Ball
2-1: Ball
3-1: Swinging Strike
3-2: Base on Balls
Jeff Brower to third
Danny Gallo to second
Batting: RHB Fortunato Fteira 0-0: Swinging Strike
0-1: Ball
1-1: Ball
2-1: Foul Ball, location: 2F
2-2: Foul Ball, location: 2F
2-2: Foul Ball, location: 2F
2-2: Fielders Choice at 2nd, 6-4 (Groundball, 6, EV 104.4 MPH)
Bottom of the 6th over - 0 runs, 1 hit, 0 errors, 3 left on base; Oklahoma City 1 - Memphis 0
TOP OF THE 7TH
Oklahoma City Dodgers batting - Pitching for Memphis Redbirds : LHP John Fisher
Now at 2B: Josh Martin
Now at 3B: Danny Gallo
Batting: LHB Chris Fandino 0-0: Called Strike
0-1: Foul Ball, location: 2F
0-2: Foul Ball, location: 2F
0-2: Ball
1-2: Ground out 6-3 (Groundball, 6, EV 78.8 MPH)
Batting: LHB Robin More 0-0: Ball
1-0: Foul Ball, location: 2F
1-1: Ball
2-1: Fly out, F8 (Flyball, 8LS, EV 92.5 MPH)
Batting: RHB T.J. Jordan 0-0: Swinging Strike
0-1: Ground out 5-3 (Groundball, 5, EV 88.1 MPH)
Top of the 7th over - 0 runs, 0 hits, 0 errors, 0 left on base; Oklahoma City 1 - Memphis 0
BOTTOM OF THE 7TH
Memphis Redbirds batting - Pitching for Oklahoma City Dodgers : LHP Dave Burridge
Pitching: RHP Edwin Carrasco
Batting: LHB Adam Eisen 0-0: Foul Ball, location: 2F
0-1: Ball
1-1: Foul Ball, location: 2F
1-2: Foul Ball, location: 2F
1-2: Foul Ball, location: 2F
1-2: Foul Ball, location: 2F
1-2: Ball
2-2: Ground out 6-3 (Groundball, 6, EV 83.1 MPH)
Batting: SHB Dan Lash 0-0: Swinging Strike
0-1: Foul Ball, location: 2F
0-2: DOUBLE (Line Drive, 3D, EV 96.2 MPH)
Batting: LHB Kyle Schaible 0-0: Ball
1-0: Called Strike
1-1: Ball
2-1: Ball
3-1: Base on Balls
Batting: RHB Jeff Brower 0-0: Called Strike
0-1: Ball
1-1: Foul Ball, location: 2F
1-2: Grounds into double play, 5-4-3 (Groundball, 56S, EV 81.9 MPH)
Bottom of the 7th over - 0 runs, 1 hit, 0 errors, 1 left on base; Oklahoma City 1 - Memphis 0
TOP OF THE 8TH
Oklahoma City Dodgers batting - Pitching for Memphis Redbirds : LHP John Fisher
Batting: LHB Darrell Ortega 0-0: Ball
1-0: Ball
2-0: Called Strike
2-1: Swinging Strike
2-2: Ball
3-2: Strikes out swinging
Batting: RHB Theo Schepers 0-0: SINGLE (Groundball, 6MD, EV 98.1 MPH)
Batting: RHB Jeremy Giesler 0-0: Called Strike
0-1: Swinging Strike
0-2: Strikes out swinging
Batting: RHB Curt Earnest 0-0: Ball
1-0: Ball
Theo Schepers steals 2nd base
2-0: Intentional Walk
Pitching: RHP Pabiyan Vetlitsky
Batting: RHB Mike Dodson 0-0: Ball
1-0: Ball
2-0: Ball
3-0: Base on Balls
Theo Schepers to third
Curt Earnest to second
Pitching: LHP Michael Twigg
Batting: LHB Steve Pond 0-0: Called Strike
0-1: Swinging Strike
0-2: Ball
1-2: Strikes out swinging
Top of the 8th over - 0 runs, 1 hit, 0 errors, 3 left on base; Oklahoma City 1 - Memphis 0
BOTTOM OF THE 8TH
Memphis Redbirds batting - Pitching for Oklahoma City Dodgers : RHP Edwin Carrasco
Now at 3B: Chris Raymond
Batting: LHB Ronnie Ashley 0-0: Ball
1-0: Called Strike
1-1: Ball
2-1: Ball
3-1: Ground out 4-3 (Groundball, 4, EV 83.1 MPH)
Batting: RHB Danny Gallo 0-0: Ball
1-0: Swinging Strike
1-1: Swinging Strike
1-2: Foul Ball, location: 2F
1-2: Ball
2-2: Ground out 6-3 (Groundball, 6, EV 84.4 MPH)
Batting: RHB Fabrice Bertin 0-0: Foul Ball, location: 2F
0-1: Ball
1-1: Ball
2-1: Foul Ball, location: 2F
2-2: Strikes out swinging
Bottom of the 8th over - 0 runs, 0 hits, 0 errors, 0 left on base; Oklahoma City 1 - Memphis 0
TOP OF THE 9TH
Oklahoma City Dodgers batting - Pitching for Memphis Redbirds : LHP Michael Twigg
Pitching: RHP Branden Maynard
Batting: LHB Chris Fandino 0-0: Ball
1-0: Ball
2-0: Reached on error, E5 (Groundball, 56, EV 87.5 MPH)
Batting: LHB Robin More 0-0: Swinging Strike
0-1: Grounds into double play, 4-6-3 (Groundball, 4, EV 99.4 MPH)
Pinch Hitting: LHB Jose Robles 0-0: Called Strike
0-1: Called Strike
0-2: Strikes out looking
Top of the 9th over - 0 runs, 0 hits, 1 error, 0 left on base; Oklahoma City 1 - Memphis 0
BOTTOM OF THE 9TH
Memphis Redbirds batting - Pitching for Oklahoma City Dodgers : RHP Edwin Carrasco
Pitching: LHP J.P. Blair
Now at C: Carlos Talavera
Batting: RHB Josh Martin 0-0: Swinging Strike
0-1: Ball
1-1: Swinging Strike
1-2: Ball
2-2: Strikes out swinging
Batting: RHB Fortunato Fteira 0-0: Ball
1-0: Called Strike
1-1: Foul Ball, location: 2F
1-2: Foul Ball, location: 2F
1-2: Foul Ball, location: 2F
1-2: Ball
2-2: Ball
3-2: Base on Balls
Batting: LHB Adam Eisen 0-0: Ball
1-0: Ball
2-0: Called Strike
2-1: Ball
3-1: Base on Balls
Fortunato Fteira to second
Batting: SHB Dan Lash 0-0: Foul Ball, location: 2F
0-1: Foul Ball, location: 2F
0-2: Ball
1-2: Foul Ball, location: 2F
1-2: Fly out, F7 (Flyball, 7, EV 93.1 MPH)
Pinch Hitting: RHB Dan Boykins 0-0: Ball
1-0: Ball
2-0: Foul Ball, location: 2F
2-1: Fly out, F8 (Flyball, 89S, EV 87.5 MPH)
Bottom of the 9th over - 0 runs, 0 hits, 0 errors, 2 left on base; Oklahoma City 1 - Memphis 0
Tuesday, March 28th , 2023 - OOTP Baseball 23.10 Build 110